 Dungeon Crawl Stone Soup version 0.29-a0-962-gc8bbfd0a37 (webtiles) character file.

Game seed: 13538026841490487496

2412 greasedhog the Tainter (level 9, 0/50 HPs)
             Began as a Gargoyle Venom Mage on July 30, 2022.
             Was a Follower of Sif Muna.
             Slain by a killer bee (6 damage)
             ... on level 7 of the Dungeon.
             The game lasted 00:23:10 (10393 turns).

greasedhog the Tainter (Gargoyle Venom Mage)       Turns: 10393, Time: 00:23:11

Health: 0/50       AC:  9    Str: 13    XL:     9   Next: 47%
Magic:  12/12      EV: 12    Int: 19    God:    Sif Muna [*.....]
Gold:   335        SH:  3    Dex: 10    Spells: 2/12 levels left

rFire   + . .      SeeInvis .   q - +2 dagger (drain)
rCold   + . .      Faith    .   n - +0 buckler
rNeg    + . .      Spirit   .   a - +1 robe
rPois   ∞          Reflect  .   (no helmet)
rElec   +          Harm     .   (no cloak)
rCorr   +          Rampage  .   (no gloves)
Will    .....                   (no boots)
Stlth   +++.......              r - amulet of magic regeneration
HPRegen 0.16/turn               h - ring of resist corrosion
MPRegen 0.53/turn               (no ring)

@: resistant
A: sickness immunity, AC +6, negative energy resistance 1, electricity
resistance, torment resistance 1, petrification resistance
a: Renounce Religion, Channel Magic


You were on level 7 of the Dungeon.
You worshipped Sif Muna.
Sif Muna was aware of your devotion.
You visited 2 branches of the dungeon, and saw 8 of its levels.

You collected 335 gold pieces.

Inventory:

Hand Weapons
 q - a +2 dagger of draining (weapon)
 t - a +6 short sword
Missiles
 l - a throwing net
Armour
 a - a +1 robe (worn)
 n - a +0 buckler (worn)
Jewellery
 h - a ring of resist corrosion (left hand)
 r - an amulet of magic regeneration (around neck)
Wands
 p - a wand of paralysis (1)
Scrolls
 d - 2 scrolls of identify
 e - 2 scrolls of teleportation
 g - a scroll of fog
 j - a scroll of enchant armour
 s - a scroll of blinking
Potions
 b - 3 potions of magic
 f - 2 potions of lignification
 m - a potion of attraction {unknown}
 o - a potion of brilliance


   Skills:
 - Level 3.0 Fighting
 - Level 4.1 Short Blades
 * Level 4.6 Dodging
 - Level 5.1 Stealth
 - Level 2.0 Spellcasting
 - Level 3.1 Conjurations
 - Level 1.2 Transmutations
 - Level 2.0 Air Magic
 * Level 8.3 Poison Magic


You had 2 spell levels left.
You knew the following spells:

 Your Spells              Type           Power      Damage    Failure   Level
a - Sting                 Tmut/Pois      80%        1d7       3%          1
b - Poisonous Vapours     Pois/Air       42%        N/A       4%          2
c - Mephitic Cloud        Conj/Pois/Air  19%        N/A       11%         3
d - Olgreb's Toxic Radia  Pois           33%        N/A       8%          4

Your spell library contained the following spells:

 Spells                   Type           Power      Damage    Failure   Level
 Passage of Golubria      Tloc           1%         N/A       92%         4
 Silence                  Hex/Air        2%         N/A       99%         5
 Lehudib's Crystal Spear  Conj/Erth      3%         10d3      100%        8


Dungeon Overview and Level Annotations

Branches:
Dungeon (7/15)             Temple (1/1) D:6

Altars:
Cheibriados
Dithmenos
Hepliaklqana
Kikubaaqudgha
Nemelex Xobeh
Okawaru
Qazlal
Ru
Sif Muna
Trog
Uskayaw
Vehumet
Wu Jian
Xom
Yredelemnul
Ignis

Annotations:
D:3 3 runed translucent doors, Newt's ghost, amateur VSEn
D:5 Menkaure


Innate Abilities, Weirdness & Mutations

You are immune to sickness and miasma.
Your stone body is resilient. (AC +6)
You are immune to poison.
You resist negative energy. (rN+)
You are resistant to electric shocks. (rElec)
You are resistant to unholy torment.
You are immune to petrification.


Message History

Sif Muna accepts your kill.
d - 2 scrolls of identify (gained 1)
Things that are here:
a +0 mace; a killer bee corpse An orc priest comes into view.
It is wielding a +0 short sword.
A killer bee comes into view.
The orc priest hits you with a +0 short sword.
The killer bee buzzes angrily.
You hit the orc priest. You drain the orc priest.
The orc priest is moderately wounded.
The orc priest mumbles some strange prayers to Beogh against you.
Beogh smites you!
You closely miss the orc priest.
The orc priest is moderately wounded.
Your magical contamination has completely faded away.
You hit the orc priest but do no damage.
You drain the orc priest.
The orc priest is heavily wounded.
The orc priest misses you. The killer bee closely misses you.
The orc priest attacks as you move away!
You block the orc priest's attack.
The killer bee attacks as you move away!
The killer bee misses you.
The orc priest mumbles some strange prayers to Beogh against you.
Beogh smites you! The killer bee stings you.
Things that are here:
a +0 mace; a killer bee corpse You hit the killer bee.
You drain the killer bee.
The killer bee is heavily wounded.
The killer bee completely misses you.
You hit the killer bee.
The killer bee is severely wounded.
The killer bee closely misses you. The killer bee completely misses you.
The orc priest calls down the wrath of Beogh upon you.
Beogh smites you!
* * * LOW HITPOINT WARNING * * *
It was a potion of resistance.
You feel protected. The killer bee barely misses you.
The killer bee stings you.
You die...

...# ##..## ....
.......... .#.
...#.....# #..
.......... .. #..
##.....).# ##.. #..
.....#..[####....
#..####..##...#......
#.oy@......[.........
#..####..###..<.......
.... ##..........#.#..
#### #.....#)......#
###.#.#.....#...#.#
......#.÷.........#
..###.........##.....
#.##...##..........##
# #.#...#
#.....#......


You could see a killer bee (very drained) and an orc priest (very drained).

Vanquished Creatures
  Pikel (D:5)
  A water moccasin (D:3)
  A sky beast (D:7)
  An ice beast (D:6)
  3 ogres
  2 phantoms
  4 lemures (D:5)
  A bullfrog (D:6)
  A scorpion (D:6)
  3 wights (D:6)
  5 killer bees
  2 howler monkeys
  6 hounds
  4 orc priests
  An iguana (D:7)
  6 orc wizards
  3 adders
  A white imp (D:7)
  A worm (D:3)
  20 orcs
  5 ball pythons
  2 bats
  8 endoplasms
  16 giant cockroaches
  8 goblins
  9 hobgoblins
  9 jackals
  2 quokkas
  5 frilled lizards
  4 kobolds
  5 rats
140 creatures vanquished.

Vanquished Creatures (others)
  A killer bee (D:6)
1 creature vanquished.

Grand Total: 141 creatures vanquished

Notes
Turn   | Place    | Note
-------+----------+-------------------------------------------
     0 | D:1      | greasedhog the Gargoyle Venom Mage began the quest for the
                  | Orb.
     0 | D:1      | Reached XP level 1. HP: 10/10 MP: 3/3
    57 | D:1      | Reached skill level 1 in Transmutations
   736 | D:1      | Reached XP level 2. HP: 6/15 MP: 1/5
  1621 | D:1      | Learned a level 2 spell: Poisonous Vapours
  1644 | D:1      | Reached XP level 3. HP: 18/19 MP: 4/6
  2486 | D:2      | Noticed an ogre
  2800 | D:2      | Learned a level 3 spell: Mephitic Cloud
  2838 | D:2      | Reached skill level 4 in Poison Magic
  2838 | D:2      | Reached XP level 4. HP: 18/24 MP: 5/7
  3127 | D:3      | Found a faded altar of an unknown god.
  3703 | D:3      | Found a runed translucent gate.
  3703 | D:3      | Found a runed translucent gate.
  3703 | D:3      | Found a runed translucent gate.
  3703 | D:3      | Noticed Newt's ghost (amateur VSEn)
  3740 | D:3      | Found a shadowy altar of Dithmenos.
  4042 | D:3      | Reached skill level 1 in Conjurations
  4456 | D:3      | Reached XP level 5. HP: 28/28 MP: 1/8
  4612 | D:3      | Noticed a water moccasin
  4650 | D:3      | Killed a water moccasin
  4651 | D:3      | Reached skill level 5 in Stealth
  4651 | D:3      | Reached XP level 6. HP: 27/32 MP: 7/9
  4902 | D:4      | Reached skill level 1 in Fighting
  4902 | D:4      | Reached skill level 1 in Air Magic
  5069 | D:4      | Found a sparkling altar of Nemelex Xobeh.
  5143 | D:4      | Found a sacrificial altar of Ru.
  5313 | D:4      | Reached XP level 7. HP: 12/40 MP: 10/10
  5751 | D:4      | Learned a level 4 spell: Olgreb's Toxic Radiance
  6869 | D:3      | Reached skill level 1 in Short Blades
  7535 | D:5      | Entered Level 5 of the Dungeon
  7681 | D:5      | Reached skill level 5 in Poison Magic
  8128 | D:5      | Noticed Pikel
  8138 | D:5      | Paralysed by Pikel for 5 turns
  8145 | D:5      | Paralysed by Pikel for 3 turns
  8158 | D:5      | Killed Pikel
  8159 | D:5      | Reached skill level 6 in Poison Magic
  8159 | D:5      | Reached XP level 8. HP: 12/46 MP: 3/11
  8433 | D:5      | Noticed Menkaure
  8699 | D:6      | Found a staircase to the Ecumenical Temple.
  8715 | Temple   | Entered the Ecumenical Temple
  8875 | Temple   | Became a worshipper of Sif Muna the Loreminder
  8916 | D:6      | Reached skill level 7 in Poison Magic
  9017 | D:6      | Reached XP level 9. HP: 46/50 MP: 10/12
  9436 | D:6      | Identified the +3 chain mail of Lilacs {Will- Str+5 Int+3}
 10085 | D:7      | Identified the amulet "Febunt" {Spirit rC+}
 10105 | D:7      | Reached skill level 8 in Poison Magic
 10115 | D:7      | Reached * piety under Sif Muna
 10169 | D:7      | HP: 2/50 [white imp (2)]
 10393 | D:7      | Slain by a killer bee

Illustrated notes

Levels and vault maps discovered:
D:1:      beargit_arrival_greenhouse, layout_basic
D:2:      layout_basic
D:3:      minmay_roachtagon, layout_basic,
          nicolae_dithmenos_through_a_glass_darkly, ebering_ghost_rock_garden,
          hellmonk_ecumenical_altar_dog_temple
D:4:      cheibrodos_pilgrimage, layout_layer_cave, grunt_temple_overflow_open,
          nrook_uturn
D:5:      layout_basic, due_unseen_surprise, uniq_menkaure, uniq_pikel
D:6:      layout_loops_ring, minmay_temple_entry_proselytizer
D:7:      layout_rooms, grunt_temple_overflow_gold_and_silver,
          nicolae_overflow_hidden_temple, lemuel_tele_altar
Temple:   ebering_untended_altars

Skill      XL: |  1  2  3  4  5  6  7  8  9 |
---------------+----------------------------+-----
Transmutations | 1 |  1.2
Stealth        | 3 4 5 |  5.1
Poison Magic   | 4 6 7 8 |  8.3
Conjurations   | 1 3 |  3.1
Fighting       | 2 3 |  3.0
Air Magic      | 1 2 |  2.0
Short Blades   | 4 |  4.1
Dodging        | 3 4 |  4.6
Spellcasting   | |  2.0

Action                   |  1- 3 |  4- 6 |  7- 9 || total
-------------------------+-------+-------+-------++-------
Melee: Dagger            |    49 |     5 |   230 ||   284
       Unarmed           |     2 |       |       ||     2
       Punch             |     1 |       |       ||     1
       Short sword       |       |   221 |    69 ||   290
 Cast: Sting             |    43 |    49 |    57 ||   149
       Poisonous Vapours |     6 |     1 |     1 ||     8
       Mephitic Cloud    |       |     2 |     8 ||    10
       Olgreb's Toxic Ra |       |       |     7 ||     7
Evoke: Wand              |       |       |     2 ||     2
  Use: Scroll            |     2 |     4 |     4 ||    10
       Potion            |       |     5 |     6 ||    11
 Stab: Sleeping          |       |     1 |     5 ||     6
       Confused          |       |       |     5 ||     5
       Paralysed         |       |       |     1 ||     1
Armor: Robe              |    18 |   188 |   105 ||   311
       Skin              |       |    27 |       ||    27
Dodge: Dodged            |    30 |   231 |   158 ||   419
Block: Buckler           |       |    19 |    30 ||    49

Table legend: (Time is in decaauts)
 A = Elapsed time spent in this place.
 B = Non-inter-level travel time spent in this place.
 C = Inter-level travel time spent in this place.
 D = Time resting spent in this place.
 E = Time spent auto-exploring this place.
 F = Levels seen in this place.
 G = Mean time per level.
                   A        B        C        D        E       F      G
               +--------+--------+--------+--------+--------+-----+--------+
         Total |  10406 |   9960 |    446 |   1355 |   6853 |   8 | 1300.8 |
       Dungeon |  10234 |   9814 |    420 |   1355 |   6724 |   7 | 1462.0 |
        Temple |    172 |    146 |     26 |      0 |    129 |   1 |  172.0 |
               +--------+--------+--------+--------+--------+-----+--------+

Top non-repeatable levels by time:
     D:4: 2267 daAuts
     D:3: 2181 daAuts
     D:1: 2044 daAuts
     D:6: 1229 daAuts
     D:5: 1129 daAuts
     D:2: 1082 daAuts
     D:7: 301 daAuts
  Temple: 172 daAuts
